 Dungeon Crawl Stone Soup version 0.28.0-43-g3370ac3207 (webtiles) character file.

Game seed: 252101411834711574

2517 FrostSilk the Fighter (level 9, -22/81 HPs)
             Began as a Minotaur Berserker on Mar 9, 2022.
             Was an Elder of Trog.
             Annihilated by a death knight
             ... wielding a +0 glaive
              (29 damage)
             ... on level 7 of the Dungeon.
             The game lasted 00:19:48 (5593 turns).

FrostSilk the Fighter (Minotaur Berserker)          Turns: 5593, Time: 00:19:49

Health: -22/81     AC: 13    Str: 34    XL:     9   Next: 29%
Magic:  17/17      EV: 13    Int:  4    God:    Trog [****..]
Gold:   321        SH:  0    Dex: 11    Spells: 8/8 levels left

rFire   . . .      SeeInvis .   u - +9 great mace (protect)
rCold   . . .      Faith    .   (shield currently unavailable)
rNeg    . . .      Spirit   .   o - +5 scale mail "Mexzafri" {MP+9 Str+9}
rPois   .          Reflect  .   (helmet restricted)
rElec   .          Harm     .   (no cloak)
rCorr   .          Rampage  .   (no gloves)
Will    .....                   (no boots)
Stlth   ..........              n - amulet of regeneration
HPRegen 1.03/turn               c - ring of ice
MPRegen 0.15/turn               j - ring of fire

@: on berserk cooldown, slowed, very slow
A: horns 2, retaliatory headbutt
a: Renounce Religion, Berserk, Trog's Hand, Brothers in Arms


You were on level 7 of the Dungeon.
You worshipped Trog.
Trog was greatly pleased with you.
You visited 1 branch of the dungeon, and saw 7 of its levels.
You also visited: Sewer.

You collected 321 gold pieces.

Inventory:

Hand Weapons
 a - a +0 hand axe
 h - the +4 hunting sling "Zeoliups" {freeze, rN+}
   (You found it on level 2 of the Dungeon)

   Any ammunition fired from it freezes those it strikes, dealing additional
   cold damage.
   It can also slow down cold-blooded creatures.
   rN:        It protects you from negative energy.
 m - a +3 short sword of protection
 u - a +9 great mace of protection (weapon)
Missiles
 f - 31 poisoned darts (quivered)
Armour
 b - a +0 animal skin
 g - a +3 plate armour
 o - the +5 scale mail "Mexzafri" (worn) {MP+9 Str+9}
   (You found it on level 3 of the Dungeon)

   Str:       It affects your strength (+9).
   MP:        It affects your magic capacity (+9).
Jewellery
 c - a ring of ice (left hand)
 j - a ring of fire (right hand)
 n - an amulet of regeneration (around neck)
Wands
 x - a wand of paralysis (7)
Scrolls
 s - a scroll of fear
 v - a scroll of teleportation
 y - a scroll of fog
 A - a scroll of identify
Potions
 d - 2 potions of haste {unknown}
 e - a potion of berserk rage {unknown}
 i - a potion of brilliance {unknown}
 k - 2 potions of lignification {unknown}
 l - 4 potions of attraction
 p - 2 potions of degeneration {unknown}
 q - a potion of might {unknown}
 r - 5 potions of curing
 t - a potion of cancellation {unknown}
 w - a potion of mutation {unknown}
 z - 3 potions of flight


   Skills:
 + Level 8.0 Fighting
 - Level 6.5(7.7) Axes
 * Level 6.3(7.6) Maces & Flails
 + Level 7.6 Armour
 + Level 6.9 Dodging


You had 8 spell levels left.
You didn't know any spells.
Your spell library was empty.

Dungeon Overview and Level Annotations

Branches:
Dungeon (7/15)             Temple (0/1) D:4           Sewer (visited)

Altars:
Gozag
Hepliaklqana
Vehumet

Shops:
D:6 ?


Innate Abilities, Weirdness & Mutations

You have a pair of horns on your head.
You reflexively headbutt those who attack you in melee.


Message History

You feel yourself moving faster!
You feel mighty!
The killer bee stings you but does no damage. x2
The death knight barely misses you.
You closely miss the killer bee.
The killer bee stings you but does no damage.
The killer bee closely misses you. You furiously retaliate!
You headbutt the killer bee!
You kill the killer bee!
Trog accepts your kill.
The death knight hits you from afar with a +0 glaive!
Your Fighting skill increases to level 8!
You closely miss the orc wizard. Your headbutt misses the orc wizard.
The death knight hits you but does no damage.
You bludgeon the orc wizard!!
Your weapon exudes an aura of protection.
You feel the power of Trog in you as your rage grows.
You kill the orc wizard!
Trog accepts your kill.
Trog appreciates your killing of a magic user.
The death knight hits you from afar with a +0 glaive!
You bludgeon the wyvern skeleton!! You headbutt the wyvern skeleton!
You destroy the wyvern skeleton!
Trog accepts your kill.
The death knight hits you from afar with a +0 glaive!
* * * LOW HITPOINT WARNING * * *
Okay, then.
You feel a strong urge to attack something.
You feel your anger nearly subside.
You are no longer berserk.
You are exhausted.
You feel yourself slow down.
The death knight hits you from afar with a +0 glaive!!
* * * LOW HITPOINT WARNING * * *
The death knight hits you from afar with a +0 glaive.
* * * LOW HITPOINT WARNING * * *
Your two-headed ogre goes berserk!
The death knight mumbles some strange prayers to Yredelemnul against you.
Your body is wracked with pain!
* * * LOW HITPOINT WARNING * * *
The death knight hits you from afar with a +0 glaive!!
You die...

..##
#.....##################
...## #.....#♣♣.♣♣#.....#
>...## ##.....#.♣♣.♣#.♣♣♣.#
..)..####......#..♣♣.#.....#
.....'.........#♣..♣.#.##)##
.....####......#♣♣)..#p#.p#
....## ##.....#♣♣♣..#.#..#
...## ##.....♣♣♣♣.#.#(##
..## #......@.p....#+ +##
#<.....♣♣♣♣.###
#....O#.♣♣♣.# #.....#..♣♣.#
#.##..#♣..♣.# #. #..#♣♣...#
# #..# ♣♣..# #.. ♣.♣.# ##.
##### #########


You could see a death knight (ally target) and a friendly two-headed ogre
(summoned, berserk).

Vanquished Creatures
  A water moccasin (D:5)
  3 sky beasts (D:6)
  2 black bears
  A necrophage (D:6)
  4 ogres (D:5)
  A centaur (D:7)
  A phantom (D:4)
  3 kobold brigands
  3 scorpions
  A wyvern skeleton (D:7)
  2 killer bees (D:7)
  A bullfrog zombie (D:6)
  A centaur zombie (D:7)
  A bullfrog skeleton (D:5)
  A centaur skeleton (D:7)
  2 orc priests (D:4)
  A gnoll shaman (D:5)
  2 hounds
  A jelly (D:6)
  3 iguanas
  5 orc wizards
  A killer bee zombie (D:6)
  Robin (D:3)
  9 gnolls
  11 adders
  A white imp (D:6)
  An ufetubus (D:4)
  4 worms
  The ghost of fly the Sneak, a weakling FoDe (D:5)
  2 dart slugs
  11 orcs
  8 bats
  An endoplasm (D:2)
  4 giant cockroaches
  10 goblins
  13 hobgoblins
  8 jackals
  4 quokkas
  6 ball pythons
  2 frilled lizards (D:1)
  11 kobolds
  13 rats
162 creatures vanquished.

Notes
Turn   | Place    | Note
-------+----------+-------------------------------------------
     0 | D:1      | FrostSilk the Minotaur Berserker began the quest for the
                  | Orb.
     0 | D:1      | Reached XP level 1. HP: 19/19 MP: 0/0
   475 | D:1      | Reached XP level 2. HP: 23/27 MP: 1/1
   846 | D:1      | Reached skill level 4 in Fighting
   890 | D:1      | Found a faded altar of an unknown god.
   939 | D:1      | Reached XP level 3. HP: 24/33 MP: 2/2
  1595 | D:2      | Reached ** piety under Trog
  1642 | D:2      | Identified the +4 hunting sling "Zeoliups" {freeze, rN+}
  1854 | D:2      | Reached XP level 4. HP: 41/41 MP: 3/3
  2410 | D:3      | Noticed a black bear
  2418 | D:3      | Killed a black bear
  2419 | D:3      | Reached XP level 5. HP: 47/47 MP: 4/4
  2432 | D:3      | Found an opulent altar of Gozag.
  2432 | D:3      | Found a radiant altar of Vehumet.
  2487 | D:3      | Reached skill level 5 in Fighting
  2569 | D:3      | Noticed Robin
  2582 | D:3      | Killed Robin
  2583 | D:3      | Reached skill level 5 in Axes
  2684 | D:3      | Identified the +5 scale mail "Mexzafri" {MP+9 Str+9}
  2988 | D:4      | Noticed a phantom
  2998 | D:4      | Killed a phantom
  2999 | D:4      | Reached XP level 6. HP: 56/56 MP: 5/5
  3126 | D:4      | Found a staircase to the Ecumenical Temple.
  3177 | D:4      | Reached *** piety under Trog
  3349 | D:4      | Reached skill level 5 in Armour
  3349 | D:4      | Reached XP level 7. HP: 62/62 MP: 6/6
  3397 | D:5      | Entered Level 5 of the Dungeon
  3407 | D:5      | Reached skill level 6 in Fighting
  3465 | D:5      | Reached skill level 5 in Dodging
  3485 | D:5      | Found a hazy altar of Hepliaklqana.
  3569 | D:5      | Found a transporter.
  3569 | D:5      | Noticed fly's ghost (weakling FoDe)
  3578 | D:5      | Found a transporter.
  3589 | D:5      | Killed fly's ghost
  3662 | D:5      | Reached skill level 1 in Maces & Flails
  3662 | D:5      | Reached XP level 8. HP: 71/71 MP: 7/7
  3894 | D:5      | Reached skill level 7 in Fighting
  4253 | D:6      | Found Bapamumm's Magic Scroll Boutique.
  4452 | D:6      | Found a glowing drain.
  4471 | D:6      | Reached **** piety under Trog
  4475 | Sewer    | Entered a sewer
  4609 | Sewer    | Found a glowing silver altar of Zin.
  4766 | D:6      | Reached skill level 5 in Maces & Flails
  5025 | D:6      | Reached XP level 9. HP: 80/80 MP: 8/8
  5575 | D:7      | Noticed a death knight
  5579 | D:7      | Reached skill level 8 in Fighting
  5593 | D:7      | Annihilated by a death knight

Illustrated notes

Levels and vault maps discovered:
D:1:      sevenhm_arrival_forest_fort_large_4, layout_basic,
          basic_ecumenical_altar
D:2:      layout_loops_corners, st_stairs_13, serial_park_tiny_pond,
          minmay_misc_feat_pillars, kennysheep_generic_room_16
D:3:      layout_basic, jmf_multi_god_temple, uniq_robin
D:4:      layout_basic, minmay_temple_entry_statues_pillars
D:5:      layout_loops_ring, old_standard_altar, nicolae_ossuary_entry_plus,
          gammafunk_ghost_smash
D:6:      layout_basic, cheibrodos_sewer_entry_drain, serial_shops,
          shop_scrolls, serial_bayou_pond_e
D:7:      nzn_winding_woodlands_small [nzn_winding_woodlands_5x15_pockets,
          nzn_winding_woodlands_center_lodge,
          nzn_winding_woodlands_5x15_default], layout_loops_corners,
          kennysheep_big_empty_room

Skill      XL: |  1  2  3  4  5  6  7  8  9 |
---------------+----------------------------+-----
Fighting       | 4 5 6 7 8 |  8.0
Axes           | 4 5 6 |  6.5
Armour         | 3 4 5 6 7 |  7.6
Dodging        | 3 4 5 6 |  6.9
Maces & Flails | 1 5 6 |  6.3

Action                   |  1- 3 |  4- 6 |  7- 9 || total
-------------------------+-------+-------+-------++-------
Melee: Hand axe          |    78 |   123 |    40 ||   241
       Headbutt          |    11 |    13 |    18 ||    42
       Great mace        |       |       |    93 ||    93
Throw: Dart              |       |       |     2 ||     2
Invok: Berserk           |     1 |     5 |     3 ||     9
       Brothers in Arms  |       |       |     1 ||     1
  Use: Scroll            |     2 |     1 |    10 ||    13
Armor: Animal skin       |     3 |       |       ||     3
       Plate armour      |    53 |    57 |       ||   110
       Scale mail        |       |    17 |    67 ||    84
Dodge: Dodged            |    26 |    52 |   102 ||   180
